 Dungeon Crawl Stone Soup version 0.19.4-8-ga85b6b9 (webtiles) character file.

128 dngmouse the Ruffian (level 4, -5/35 HPs)
             Began as a Minotaur Transmuter on Feb 11, 2017.
             Killed by divine providence
             ... invoked by an orc priest
              (14 damage)
             ... on level 4 of the Dungeon.
             The game lasted 00:08:59 (2729 turns).

dngmouse the Ruffian (Minotaur Transmuter)          Turns: 2729, Time: 00:08:59

Health: -5/35      AC:  8    Str: 15    XL:     4   Next: 86%
Magic:  4/5        EV: 12    Int: 10    God:
Gold:   148        SH:  0    Dex: 11    Spells: 2 memorised, 2 levels left

rFire  . . .     SeeInvis .       - Unarmed
rCold  + . .     Gourm    .     b - +0 robe
rNeg   . . .     Faith    .     (no shield)
rPois  .         Spirit   .     (helmet restricted)
rElec  .         Reflect  .     (no cloak)
rCorr  .         Harm     .     (no gloves)
MR     .....                    (boots currently unavailable)
Stlth  +.........               (no amulet)
                                v - ring of protection from cold
                                n - +6 ring of protection

@: appendage (expiring)
A: retaliatory headbutt, horns 2, talons 3
a: End Transformation


You were on level 4 of the Dungeon.
You were not hungry.
You had grown temporary talons.
You visited 1 branch of the dungeon, and saw 4 of its levels.

You collected 148 gold pieces.

Inventory:

Missiles
 a - 105 arrows
Armour
 b - a +0 robe (worn)
 t - a +0 leather armour
Jewellery
 n - a +6 ring of protection (left hand)
 v - a ring of protection from cold (right hand)
Scrolls
 e - 6 scrolls of magic mapping {unknown}
 f - 5 scrolls of teleportation {unknown}
 g - a scroll of enchant weapon {unknown}
 h - 5 scrolls of identify {unknown}
 i - 2 scrolls of remove curse {unknown}
 l - a scroll of noise {unknown}
 p - a scroll of enchant armour {unknown}
 s - 2 scrolls of immolation {unknown}
Potions
 o - 2 potions of lignification {unknown}
 q - 2 potions of might {unknown}
 r - a potion of mutation {unknown}
 u - a potion of flight {unknown}
Books
 c - a book of Changes

   Spells                             Type                      Level
   a - Beastly Appendage              Transmutation                1
   b - Sticks to Snakes               Transmutation                2
   c - Spider Form                    Transmutation/Poison         3
   d - Ice Form                       Ice/Transmutation            4
   e - Blade Hands                    Transmutation                5
Comestibles
 d - a bread ration
 j - a chunk of flesh
 k - a beef jerky


   Skills:
 + Level 1.6 Fighting
 - Level 2.1 Dodging
 * Level 5.2 Unarmed Combat
 - Level 1.3 Spellcasting
 + Level 2.7 Transmutations


You had 2 spell levels left.
You knew the following spells:

 Your Spells              Type           Power        Failure   Level  Hunger
a - Beastly Appendage     Tmut           #.....       12%         1    ##.....
b - Sticks to Snakes      Tmut           #.......     17%         2    ###....


Dungeon Overview and Level Annotations

Branches:
Dungeon (4/15)
 Temple: D:4-7

Altars:


Innate Abilities, Weirdness & Mutations

You reflexively headbutt those who attack you in melee.
You have a pair of horns on your head.
You have claws for feet.


Message History

There is a stone staircase leading up here.
Found a pair of boots. 2 orcs and an orc priest come into view.
The orc priest shouts!
The orc shouts!
You hear a shout!
The orc shouts!
You hear a shout!
The orc priest calls down the wrath of Beogh upon you.
Beogh smites you!
Casting: Beastly Appendage
Confirm with . or Enter, or press ? or * to list all spells.
Your feet morph into talons.
An orc wizard comes into view. It is wielding a dagger.
The orc wizard shouts!
The orc priest calls down the wrath of Beogh upon you.
Beogh smites you!
* * * LOW HITPOINT WARNING * * *
Unknown command.
Your transformation is almost over.
The orc priest invokes the aid of Beogh against you.
Beogh smites you!
You die...

#...# #...#
#...# #..[#
+...#
###########...
#....<.@o.#.###
#.####.#..o.o.#
#.####.#.#
#......#.#
########.# #o#
.o# ###


You could see an orc priest, an orc wizard and an orc.

Vanquished Creatures
  3 adders (D:3)
  An ooze (D:2)
  A worm (D:2)
  3 dart slugs (D:2)
  5 leopard geckos
  An orc (D:3)
  6 giant cockroaches
  6 goblins
  4 hobgoblins
  8 jackals
  2 quokkas (D:3)
  2 ball pythons (D:2)
  11 bats
  8 frilled lizards
  11 kobolds
  9 rats
81 creatures vanquished.

Vanquished Creatures (others)
  A goblin (D:3)
1 creature vanquished.

Grand Total: 82 creatures vanquished

Notes
Turn   | Place    | Note
-------+----------+-------------------------------------------
     0 | D:1      | dngmouse the Minotaur Transmuter began the quest for the Orb.
     0 | D:1      | Reached XP level 1. HP: 16/16 MP: 1/1
   479 | D:1      | Reached XP level 2. HP: 22/23 MP: 0/3
   483 | D:1      | Learned a level 2 spell: Sticks to Snakes
   543 | D:1      | Reached skill level 4 in Unarmed Combat
   897 | D:2      | Reached XP level 3. HP: 5/28 MP: 2/4
  1857 | D:3      | Reached XP level 4. HP: 34/35 MP: 5/5
  2245 | D:3      | Reached skill level 5 in Unarmed Combat
  2729 | D:4      | Killed from afar by an orc priest

Skill      XL: |  1  2  3  4 |
---------------+-------------+-----
Unarmed Combat | 4 5 |  5.2
Transmutations | 2 |  2.7
Fighting       | |  1.6
Dodging        | |  2.1
Spellcasting   | |  1.3

Action                   |  1- 3 |  4- 6 || total
-------------------------+-------+-------++-------
Melee: Unarmed           |   130 |    74 ||   204
       Headbutt          |    10 |     9 ||    19
       Kick              |    17 |    13 ||    30
       Punch             |     2 |     2 ||     4
 Cast: Beastly Appendage |    29 |    12 ||    41
  Use: Potion            |       |     2 ||     2
 Stab: Sleeping          |     1 |     2 ||     3
  Eat: Chunk             |     4 |     4 ||     8
Armor: Robe              |    26 |    27 ||    53
Dodge: Dodged            |    82 |    63 ||   145
